 Dungeon Crawl Stone Soup version 0.16.0-18-g484a79e (webtiles) character file.

31 inmateoo the Insei (level 3, 0/23 HPs)
             Began as a Halfling Transmuter on Mar 22, 2015.
             Slain by a gnoll (9 damage)
             ... on level 1 of the Dungeon.
             The game lasted 00:02:22 (1313 turns).

inmateoo the Insei (Halfling Transmuter)            Turns: 1313, Time: 00:02:23

Health: 0/23       AC:  3    Str: 10    XL:     3   Next: 40%
Magic:  5/5        EV: 15    Int: 12    God:
Gold:   52         SH:  0    Dex: 18    Spells: 2 memorised, 2 levels left

rFire  . . .     SeeInvis .       - Unarmed
rCold  . . .     Clarity  .     c - +0 robe
rNeg   . . .     SustAb   .     (no shield)
rPois  .         Gourm    .     (no helmet)
rElec  .         Spirit   .     i - +0 cloak
rCorr  .         Warding  .     (no gloves)
rMut   .         Stasis   .     (boots unavailable)
MR     .....                    (no amulet)
Stlth  ++........               (no ring)
                                o - +3 ring of dexterity

@: appendage (expiring), not resistant to hostile enchantments, unstealthy
A: talons 3, mutation resistance 1
a: End Transformation


You were on level 1 of the Dungeon.
You were hungry.
You had grown temporary talons.
You visited 1 branch of the dungeon, and saw 2 of its levels.

You collected 52 gold pieces.

Inventory:

Missiles
 b - 61 arrows
Armour
 c - a +0 robe (worn)
 i - a +0 cloak (worn)
Jewellery
 o - a +3 ring of dexterity (left hand)
Scrolls
 e - 2 scrolls of enchant weapon {unknown}
 f - 2 scrolls of remove curse {unknown}
 k - 2 scrolls of identify {unknown}
 m - a scroll of immolation {unknown}
 n - a scroll of enchant armour {unknown}
 q - a scroll of teleportation {unknown}
Potions
 l - a potion of restore abilities {unknown}
 p - a potion of flight {unknown}
 r - 2 potions of mutation {unknown}
Books
 d - a book of Changes

   Spells                             Type                      Level
   a - Beastly Appendage              Transmutation                1
   b - Sticks to Snakes               Transmutation                2
   c - Spider Form                    Transmutation/Poison         3
   d - Ice Form                       Ice/Transmutation            4
   e - Blade Hands                    Transmutation                5
Comestibles
 a - 2 bread rations
 g - 4 fruits
 h - 2 meat rations
 j - a slice of pizza


   Skills:
 + Level 1.3 Fighting
 + Level 2.3 Dodging
 * Level 2.7 Unarmed Combat
 + Level 1.9 Spellcasting
 + Level 1.5 Transmutations


You had 2 spell levels left.
You knew the following spells:

 Your Spells              Type           Power        Failure   Level  Hunger
a - Beastly Appendage     Trmt           #.....       14%         1    ##.....
b - Sticks to Snakes      Trmt           #.........   21%         2    ###....


Dungeon Overview and Level Annotations

Branches:
Dungeon (2/15)

Altars:


Innate Abilities, Weirdness & Mutations

You are small and have problems with some larger weapons.
You are somewhat resistant to further mutation.
You have claws for feet.


Message History

The gnoll is lightly wounded.
The gnoll hits you.
You hit the gnoll. You claw the gnoll, but do no damage.
The gnoll is lightly wounded.
You barely miss the gnoll. You claw the gnoll, but do no damage.
The gnoll is lightly wounded.
The gnoll hits you.
You hit the gnoll.
The gnoll is moderately wounded.
The gnoll closely misses you.
You hit the gnoll.
The gnoll is heavily wounded.
The gnoll barely misses you.
You barely miss the gnoll.
The gnoll is heavily wounded.
The gnoll barely misses you.
You barely miss the gnoll.
The gnoll is heavily wounded.
The gnoll hits you!
You die...

................................>
###.#......#######.###.#.......#.
#........#######.###.######..#.
###......##........#.# #..#.
#......##........#.# #..#.
#########........#.# #..#.
#........#.# #..#. ###........#
#..#. #.@......# #..#.
#g.......#########.
#.................. ###
#........########## ..#
#........# ..# #########.......##
..# #.......####.##############
..# #.......# #.# #.....g.... ###
#.......# #.# #.#########


You could see a gnoll.

Vanquished Creatures
  A giant mite (D:1)
  A giant gecko (D:1)
  3 bats (D:1)
  A giant cockroach (D:2)
  4 hobgoblins (D:1)
  3 kobolds
  A ball python (D:1)
  A giant newt (D:1)
  2 goblins (D:1)
  4 rats
21 creatures vanquished.

Notes
Turn   | Place    | Note
--------------------------------------------------------------
     0 | D:1      | inmateoo, the Halfling Transmuter, began the quest for the Orb.
     0 | D:1      | Reached XP level 1. HP: 12/12 MP: 2/2
   275 | D:1      | Reached skill level 1 in Fighting
   275 | D:1      | Reached XP level 2. HP: 9/18 MP: 1/3
   578 | D:1      | Reached XP level 3. HP: 10/23 MP: 3/5
   962 | D:1      | Learned a level 2 spell: Sticks to Snakes
  1313 | D:1      | Slain by a gnoll

Action                   || total
-------------------------++-------
Melee: Unarmed           ||    82
 Cast: Beastly Appendage ||     9
 Stab: Sleeping          ||     1
  Eat: Chunk             ||     1
